 Dungeon Crawl Stone Soup version 0.30-a0-760-g5a9884bb7c (webtiles) character file.

Game seed: 14058856646144071793

28 bande the Trooper (level 3, -1/24 HPs)
             Began as a Gargoyle Fighter on Feb 11, 2023.
             Slain by a small abomination (2 damage)
             ... on level 1 of the Abyss.
             The game lasted 00:00:54 (325 turns).

bande the Trooper (Gargoyle Fighter)                 Turns: 325, Time: 00:00:54

Health: -1/24      AC: 12    Str: 19    XL:     3   Next: 14%
Magic:  3/3        EV:  7    Int:  8    God:
Gold:   0          SH:  4    Dex: 11    Spells: 2/2 levels left

rFire   . . .      SeeInvis .    a - +0 war axe
rCold   . . .      Faith    .    c - +0 buckler
rNeg    + . .      Spirit   .    e - +0 chain mail
rPois   ∞          Reflect  .    (no helmet)
rElec   +          Harm     .    (no cloak)
rCorr   .          Rampage  .    (no gloves)
Will    .....                    (no boots) Stlth
                                 (no amulet)
HPRegen 0.24/turn                (no ring)
MPRegen 0.08/turn                (no ring)

@: no status effects
A: sickness immunity, AC +3, negative energy resistance 1, electricity
resistance, torment resistance 1, petrification resistance
a: no special abilities


You were on level 1 of the Abyss.
You visited 1 branch of the dungeon, and saw 1 of its levels.
You visited the Abyss 1 time.

Inventory:

Hand Weapons
 a - a +0 war axe (weapon)
Armour
 c - a +0 buckler (worn)
 e - a +0 chain mail (worn)
Potions
 b - a potion of mutation {unknown}
 d - a potion of might


   Skills:
 + Level 3.9 Fighting
 + Level 2.2 Axes
 + Level 3.5 Armour
 - Level 0.3 Stealth
 + Level 3.5 Shields


You had 2 spell levels left.
You didn't know any spells.
Your spell library was empty.

Dungeon Overview and Level Annotations

Branches:
Dungeon (1/15)

Altars:


Innate Abilities, Weirdness & Mutations

You are immune to sickness and miasma.
Your stone body is resilient. (AC +3)
You are immune to poison.
You resist negative energy. (rN+)
You are resistant to electric shocks. (rElec)
You are resistant to unholy torment.
You are immune to petrification.


Message History

You hit the hobgoblin.
You kill the hobgoblin!
You hit the hobgoblin.
The hobgoblin hits you but does no damage.
You slash the hobgoblin!
You kill the hobgoblin!
You hit the kobold. The kobold barely misses you.
The kobold hits you but does no damage.
You are cast into the Abyss!
To return, you must find a gate leading back.
Killing monsters will force the Abyss to allow you passage.
This branch contains the abyssal rune of Zot.
HP restored.
Key pressed, stopping explore.
A small abomination emerges from the beyond.
A small abomination is nearby!
The small abomination completely misses you.
You hit the small abomination.
The small abomination is lightly damaged.
The small abomination barely misses you.
The small abomination hits you!
Ouch! That really hurt!
You are too injured to fight recklessly!
You are too injured to fight recklessly!
You are too injured to fight recklessly!
You are too injured to fight recklessly!
You are too injured to fight recklessly!
You are too injured to fight recklessly!
You are too injured to fight recklessly!
You are too injured to fight recklessly!
You are too injured to fight recklessly!
You are too injured to fight recklessly!
You are too injured to fight recklessly!
Unknown command.
You hit the small abomination.
The small abomination is moderately damaged.
The small abomination hits you!
* * * LOW HITPOINT WARNING * * *
The small abomination hits you.
You die...

. ...........§
.........###.#..≈#
.............##.§#
..........#..#.≈#
....##...#....≈#
...............§# #.
...#.....##...#≈# ..
. ........#.x#.§#
....
#...........@.##≈#...
.. ............# .# .
.............§#..
...#..........≈#..
.#..............≈# .
..#..........≈#
.....#......#≈#
≈≈§≈≈≈≈≈≈#≈≈§§#
≈§§≈§§§§≈#


You could see a small abomination.

Vanquished Creatures
  A dart slug (D:1)
  2 endoplasms (D:1)
  2 giant cockroaches (D:1)
  A goblin (D:1)
  4 hobgoblins (D:1)
  4 jackals (D:1)
  A quokka (D:1)
  2 ball pythons (D:1)
  A bat (D:1)
  A frilled lizard (D:1)
  4 kobolds (D:1)
23 creatures vanquished.

Notes
Turn   | Place    | Note
-------+----------+-------------------------------------------
     0 | D:1      | bande the Gargoyle Fighter began the quest for the Orb.
     0 | D:1      | Reached XP level 1. HP: 14/14 MP: 1/1
   126 | D:1      | Reached XP level 2. HP: 19/20 MP: 2/2
   271 | D:1      | Reached XP level 3. HP: 19/24 MP: 3/3
   273 | Abyss:1  | Cast into level 1 of the Abyss (kobold)
   322 | Abyss:1  | Noticed a small abomination
   325 | Abyss:1  | HP: 1/24 [small abomination (10)]
   325 | Abyss:1  | Slain by a small abomination

Illustrated notes

Levels and vault maps discovered:
D:1:      dpeg_arrival_round_a, layout_rooms
Abyss:1:  base:
Temple

Skill      XL: |  1  2 |
---------------+-------+-----
Axes           | 2 |  2.2
Fighting       | |  3.9
Armour         | |  3.5
Stealth        | |  0.3
Shields        | |  3.5

Action                     || total
---------------------------++-------
  Melee: War axe           ||    57
 Armour: Chain mail        ||    63
         Scale mail        ||     4
  Dodge: Dodged            ||    32
  Block: Buckler           ||    13

Table legend: (Time is in decaauts)
 A = Elapsed time spent in this place.
 B = Non-inter-level travel time spent in this place.
 C = Inter-level travel time spent in this place.
 D = Time resting spent in this place.
 E = Time spent auto-exploring this place.
 F = Levels seen in this place.
 G = Mean time per level.
                   A        B        C        D        E       F      G
               +--------+--------+--------+--------+--------+-----+--------+
         Total |    349 |    349 |      0 |      0 |    224 |   2 |  174.5 |
       Dungeon |    296 |    296 |      0 |      0 |    176 |   1 |  296.0 |
         Abyss |     52 |     52 |      0 |      0 |     48 |   1 |   52.0 |
               +--------+--------+--------+--------+--------+-----+--------+

Top non-repeatable levels by time:
     D:1: 296 daAuts
 Abyss:1: 52 daAuts
